 Dungeon Crawl Stone Soup version 0.32-a0-711-g016ad743e0 (webtiles) character file.

Game seed: 5120130205336860858

81080 hikkokomori the Fetichist (level 15, -4/123 HPs)
             Began as a Coglin Berserker on Mar 15, 2024.
             Was a High Priest of Trog.
             Slain by a six-headed hydra (12 damage)
             ... on level 13 of the Dungeon.
             The game lasted 00:50:04 (19388 turns).

hikkokomori the Fetichist (Coglin Berserker)       Turns: 19388, Time: 00:50:05

Health: -4/123     AC: 25    Str: 31    XL:     15   Next: 69%
Magic:  15/15      EV: 13    Int:  8    God:    Trog [*****.]
Gold:   1832       SH:  0    Dex: 19    Spells: 14/14 levels left

rFire   + . .        w - +7 consecrated labrys {holy, Valiant ^Fragile Fly SInv}
rCold   . . .        F - +7 hand axe of Okawaru's Hatred {elec, *Slow rElec Str+6 Dex+3}
rNeg    . . .        L - +4 chain mail {rPois}
rPois   +            d - +0 helmet
rElec   +            b - +0 cloak
rCorr   .            M - +2 pair of gloves
SInv    +            Y - +2 pair of boots of Lifelessness {rElec Str+4}
Will    +....        (amulet unavailable) Stlth
                     (ring unavailable)
HPRegen 0.40/turn    (ring unavailable)
MPRegen 0.14/turn    a - hydroramjet Mk.83 {RevParry, rF+ Slay+3}

%: slow self (1%)
@: on berserk cooldown, flying, slowed, very slow
A: off-hand wielding, slow wielding, warmup strikes, no jewellery
a: Renounce Religion, Berserk, Trog's Hand, Brothers in Arms


You were on level 13 of the Dungeon.
You worshipped Trog.
Trog was extremely pleased with you.
You visited 4 branches of the dungeon, and saw 21 of its levels.
You also visited: Ossuary and Gauntlet.

You collected 2504 gold pieces.
You spent 672 gold pieces at shops.

Inventory:

Hand Weapons
 h - the +3 war axe "Ogreslayer" {antimagic, rPois rC++ Int-4}
   (You bought it in a shop on level 2 of the Orcish Mines)

   Int-4:     It affects your intelligence (-4).
   rC++:      It greatly protects you from cold.
   rPois:     It protects you from poison.
 w - the +7 consecrated labrys (weapon) {holy, Valiant ^Fragile Fly SInv}
   (Trog gifted it to you on level 2 of the Orcish Mines)

   Valiant:   It becomes more powerful as more dangerous foes come into view.
   SInv:      It lets you see invisible.
   Fly:       It grants you flight.
   ^Fragile:  It will be destroyed if unequipped.
 x - the +8 hand axe of Lemounedgh {flame, rPois rF- rC+ Int+3}
   (You found it on level 4 of the Dungeon)

   Int+3:     It affects your intelligence (+3).
   rF-:       It makes you vulnerable to fire.
   rC+:       It protects you from cold.
   rPois:     It protects you from poison.
 F - the +7 hand axe of Okawaru's Hatred (offhand) {elec, *Slow rElec Str+6 Dex+3}
   (You found it on level 6 of the Dungeon)

   Str+6:     It affects your strength (+6).
   Dex+3:     It affects your dexterity (+3).
   rElec:     It insulates you from electricity.
   *Slow:     It may slow you when you take damage.
 Q - a +9 heavy broad axe {Tertia}
Missiles
 G - 5 throwing nets (quivered)
 S - 12 silver javelins
 U - 6 curare-tipped darts
 X - 18 javelins
Armour
 b - a +0 cloak (worn)
 d - a +0 helmet (worn)
 i - a +2 scale mail of poison resistance
 n - a scarf of harm
 L - a +4 chain mail of poison resistance (worn)
 M - a +2 pair of gloves (worn)
 P - the +0 leather armour "Jadaw" {Harm rC++ Dex+4}
   (You found it on level 8 of the Dungeon)

   Dex+4:     It affects your dexterity (+4).
   rC++:      It greatly protects you from cold.
   Harm:      It increases damage dealt and taken.
 Y - the +2 pair of boots of Lifelessness (worn) {rElec Str+4}
   (You found it on level 1 of the Lair of Beasts)

   Str+4:     It affects your strength (+4).
   rElec:     It insulates you from electricity.
Gizmo
 a - a hydroramjet Mk.83 (installed) {RevParry, rF+ Slay+3}
   (You invented it yourself on level 5 of the Lair of Beasts)

   [hydroramjet Mk.83]

   RevParry:  Your AC increases as you Rev (up to +5) and while fully Revved,
   your attacks may disarm enemies.
   Slay+3:    It affects your accuracy & damage with ranged weapons and melee
   (+3).
   rF+:       It protects you from fire.
Wands
 A - a wand of charming (19)
 D - a wand of iceblast (22)
 H - a wand of digging (3)
 K - a wand of mindburst (17)
 N - a wand of flame (18)
Scrolls
 g - 3 scrolls of vulnerability
 l - a scroll of summoning
 u - 3 scrolls of revelation
 y - 4 scrolls of fog
 B - a scroll of silence
 C - 3 scrolls of noise
 J - a scroll of enchant weapon
 R - 2 scrolls of immolation
 T - 5 scrolls of teleportation
 V - a scroll of blinking
 W - a scroll of fear
 Z - 2 scrolls of enchant armour
Potions
 f - 6 potions of curing
 k - 3 potions of lignification
 m - 4 potions of heal wounds
 o - 3 potions of enlightenment
 p - a potion of invisibility
 q - 2 potions of might
 r - 3 potions of attraction
 s - a potion of berserk rage
 t - 2 potions of ambrosia
 z - 5 potions of mutation
 E - 3 potions of resistance
 I - 5 potions of brilliance
 O - a potion of haste
Miscellaneous
 e - a phial of floods
 j - a tin of tremorstones (2/2)
 v - a box of beasts


   Skills:
 + Level 13.1 Fighting
 - Level 3.4(4.0) Short Blades
 - Level 3.1(4.0) Long Blades
 + Level 15.7(15.9) Axes
 - Level 3.0(9.9) Maces & Flails
 + Level 9.9 Throwing
 + Level 9.9 Armour
 + Level 7.4 Dodging
 + Level 15.8 Evocations


You had 14 spell levels left.
You didn't know any spells.
Your spell library was empty.

Dungeon Overview and Level Annotations

Branches:
Dungeon (13/15)            Temple (0/1) D:6            Lair (5/5) D:9
 Shoals (0/4) Lair:2       Spider (0/4) Lair:3        Slime (0/5) Lair:5
    Orc (2/2) D:9             Elf (1/3) Orc:2       Ossuary (visited)
Gauntlet (visited)
 Vaults: D:13-14

Altars:
Ashenzari
Fedhas
Gozag
Kikubaaqudgha
Nemelex Xobeh
Trog
Vehumet
Wu Jian
Yredelemnul
The Shining One
Beogh
Jiyva

Shops:
D:3 *   D:6 =   D:10 :   Orc:2 *=*(

Portals:
Pandemonium: Orc:2

Annotations:
D:9 3 runed translucent doors, Oysteroth's ghost, novice FeSh


Innate Abilities, Weirdness & Mutations

You can wield a second weapon in your off-hand.
It takes a long time for you to wield or remove held weapons.
Your first few attacks do less damage.
You cannot equip rings or amulets.


Message History

Trog accepts your kill.
You slice Frances with the +7 hand axe of Okawaru's Hatred!!
You barely miss Frances with the +13 consecrated labrys.
Frances is heavily wounded.
You slash Frances with the +7 hand axe of Okawaru's Hatred!
A nearby fungus withers and dies. x3; Frances barely misses you.
You slash Frances with the +7 hand axe of Okawaru's Hatred!
Frances is severely wounded.
You cut Frances into ribbons with the +13 consecrated labrys!!!
Frances says, "Would you challenge me, knowing my power?"
Frances chants phrases taken from a devil's mouth.
The iron shot hits you but does no damage.
You barely miss Frances with the +13 consecrated labrys.
Frances is almost dead.
You slice Frances with the +7 hand axe of Okawaru's Hatred!!
Lightning courses through Frances!
You kill Frances!
Trog accepts your kill.
Trog appreciates your killing of a magic user.
A nearby fungus withers and dies.
You feel a strong urge to attack something.
You now have 1832 gold pieces (gained 26).
You are no longer berserk.
You are exhausted.
You feel yourself slow down.
A six-headed hydra comes into view.
The six-headed hydra roars!
Aiming: Charm
Press: ? - help, Shift-Dir - straight line, f - six-headed hydra
Aim: a six-headed hydra (chance to affect: 46%)
The six-headed hydra resists with some effort.
The six-headed hydra bites you!
* * * LOW HITPOINT WARNING * * *
The six-headed hydra bites you!
* * * LOW HITPOINT WARNING * * *
The six-headed hydra closely misses you.
The six-headed hydra barely misses you.
The six-headed hydra bites you but does no damage.
The six-headed hydra bites you!
You die...

##.####......PP..##
#..............P..#
...####.#......PP.#
######.#..P.ß.PP.#
#........PP......#
#.####....PP.PP..#
#..#...P...##
.##.####..##.....##
.......@..##...######
......D#..###....(...#
.^.....#.............#
.......#..##.#.......#
.......#..##.#.......#
....##.#...#..........
.... #.##..#####..#+##
. ... #..............
.. ##..#..##.###.##.


You could see a six-headed hydra.

Vanquished Creatures
  Saint Roka (Orc:2)
  Jorgrun (Orc:2)
  Frances (D:13)
  An orc warlord (Orc:2)
  Nessos (D:12)
  A deep elf death mage (Elf:1)
  A minotaur (Gauntlet)
  Snorg (Lair:5)
  A catoblepas (Lair:5)
  Harold (D:10)
  3 hydras
  3 demonspawn (Orc:2)
  Erica (D:10)
  A dancing weapon (Elf:1)
  A deep troll shaman (Lair:5)
  4 two-headed ogres
  4 death yaks (Lair:5)
  2 boulder beetles
  5 orc high priests (Orc:2)
  Urug (Orc:2)
  Sonja (D:12)
  A sixfirhy (Gauntlet)
  2 deep elf knights (Elf:1)
  A skyshark (Lair:3)
  4 skeletal warriors
  A lindwurm (Lair:5)
  7 orc knights (Orc:2)
  2 deep elf pyromancers
  A lightning spire (Gauntlet)
  An ugly thing (D:10)
  A cyclops (D:12)
  3 manticores
  8 orc sorcerers
  27 elephants
  2 kobold blastminers (Orc:1)
  2 torpor snails
  A black mamba (Lair:5)
  Maggie (D:7)
  4 cane toads
  2 gargoyles
  3 rime drakes
  An unseen horror (D:10)
  5 komodo dragons
  4 trolls
  2 polar bears
  2 dream sheep (D:10)
  Prince Ribbit (Lair:2)
  9 blink frogs
  2 raiju (Gauntlet)
  A snapping turtle (Lair:2)
  3 wraiths
  2 shadows
  A water elemental (Lair:2)
  4 wyverns
  49 yaks
  4 neqoxecs (Orc:2)
  4 basilisks
  10 wargs
  3 swamp worms (Gauntlet)
  An acid dragon (D:10)
  12 water moccasins
  12 black bears
  37 orc warriors
  An ice beast (D:6)
  4 sky beasts
  3 ogres
  9 wolves
  6 centaurs
  5 kobold brigands
  14 bullfrogs
  A gnoll sergeant (D:8)
  2 scorpions
  22 killer bees
  5 howler monkeys
  A hound (D:6)
  2 gnoll boudas
  31 orc priests
  2 sleepcaps (D:7)
  Jessica (D:3)
  An iguana (D:5)
  27 orc wizards
  Terence (D:2)
  9 mummies
  12 gnolls
  11 adders
  2 shadow imps
  4 ufetubi
  2 dart slugs
  2 ribbon worms (D:2)
  80 orcs
  5 bats
  10 endoplasms
  2 giant cockroaches
  4 gnoll zombies (Ossuary)
  6 goblins
  10 hobgoblins
  11 jackals
  18 kobolds
  3 quokkas
  10 ball pythons
  3 frilled lizards
  3 hobgoblin zombies (Ossuary)
  A kobold zombie (Ossuary)
  5 rats
630 creatures vanquished.

Vanquished Creatures (collateral kills)
  An orc warrior (Orc:2)
  2 orc priests (Orc:2)
  2 orcs (Orc:2)
5 creatures vanquished.

Vanquished Creatures (others)
  An orc priest (Orc:2)
1 creature vanquished.

Grand Total: 636 creatures vanquished

Notes
Turn   | Place    | Note
-------+----------+-------------------------------------------
     0 | D:1      | hikkokomori the Coglin Berserker began the quest for the
                  | Orb.
     0 | D:1      | Reached XP level 1. HP: 18/18 MP: 1/1
    81 | D:1      | Found a faded altar of an unknown god.
   137 | D:1      | Reached XP level 2. HP: 24/24 MP: 2/2
   402 | D:1      | Reached XP level 3. HP: 29/29 MP: 3/3
   801 | D:2      | Reached ** piety under Trog
   802 | D:2      | Reached skill level 1 in Short Blades
   832 | D:2      | Reached skill level 1 in Maces & Flails
   936 | D:2      | Noticed Terence
   951 | D:2      | Reached XP level 4. HP: 33/37 MP: 4/4
   955 | D:2      | Killed Terence
  1212 | D:2      | Reached XP level 5. HP: 42/42 MP: 5/5
  1984 | D:3      | Reached *** piety under Trog
  2109 | D:3      | Found Puson's Assorted Antiques.
  2109 | D:3      | Noticed Jessica
  2114 | D:3      | Killed Jessica
  2143 | D:3      | Bought a scroll labelled SISIHA YPLEHI for 27 gold pieces
  2143 | D:3      | Bought a purple potion for 24 gold pieces
  2143 | D:3      | Bought a clear potion for 24 gold pieces
  2143 | D:3      | Bought a scroll labelled BIUTESU YGEOPS for 27 gold pieces
  2143 | D:3      | Bought a scroll labelled YPNUMY DEYWUUNNO for 27 gold
                  | pieces
  2239 | D:4      | Reached XP level 6. HP: 49/49 MP: 6/6
  2240 | D:4      | Found a glowing golden altar of the Shining One.
  2677 | D:4      | Identified the +8 hand axe of Lemounedgh {flame, rPois rF-
                  | rC+ Int+3}
  3005 | D:5      | Entered Level 5 of the Dungeon
  3145 | D:5      | Found a sparkling altar of Nemelex Xobeh.
  3145 | D:5      | Found a basalt altar of Yredelemnul.
  3146 | D:5      | Found an opulent altar of Gozag.
  3148 | D:5      | Found an ornate altar of the Wu Jian Council.
  3149 | D:5      | Found an ancient bone altar of Kikubaaqudgha.
  3186 | D:5      | Found a sand-covered staircase.
  3194 | Ossuary  | Entered an ossuary
  3208 | Ossuary  | Reached skill level 1 in Axes
  3209 | Ossuary  | Reached skill level 5 in Fighting
  3322 | Ossuary  | Reached XP level 7. HP: 56/56 MP: 7/7
  3636 | D:5      | Reached skill level 1 in Evocations
  4200 | D:6      | Identified the +7 hand axe of Okawaru's Hatred {elec, *Slow
                  | rElec Str+6 Dex+3}
  4225 | D:6      | Reached XP level 8. HP: 64/64 MP: 8/8
  4259 | D:6      | Reached **** piety under Trog
  4348 | D:6      | Reached skill level 5 in Axes
  4454 | D:6      | Found a staircase to the Ecumenical Temple.
  4519 | D:6      | Reached skill level 5 in Evocations
  4728 | D:6      | Found Zuful's Jewellery Boutique.
  4943 | D:7      | Noticed Maggie
  5036 | D:7      | Reached XP level 9. HP: 67/69 MP: 9/9
  5215 | D:7      | Killed Maggie
  5752 | D:3      | Bought a glowing chain mail for 202 gold pieces
  5752 | D:3      | Bought a scroll of identify for 54 gold pieces
  6057 | D:8      | Reached skill level 10 in Axes
  6163 | D:8      | Found a broken altar of Ashenzari.
  6273 | D:8      | Identified the +0 leather armour "Jadaw" {Harm rC++ Dex+4}
  6533 | D:9      | Noticed a skeletal warrior
  6533 | D:9      | Noticed a skeletal warrior
  6533 | D:9      | Noticed a skeletal warrior
  6546 | D:8      | Killed a skeletal warrior
  6547 | D:8      | Reached skill level 10 in Evocations
  6547 | D:8      | Reached XP level 10. HP: 76/76 MP: 10/10
  6601 | D:9      | Found a staircase to the Lair.
  6705 | D:9      | Reached ***** piety under Trog
  6769 | D:9      | Found a runed translucent gate.
  6772 | D:9      | Found a runed translucent gate.
  6772 | D:9      | Found a runed translucent gate.
  6802 | D:9      | Found an opulent altar of Gozag.
  6802 | D:9      | Noticed a centaur warrior
  6805 | D:9      | Noticed a manticore
  6806 | D:9      | Noticed Oysteroth's ghost (novice FeSh)
  6850 | D:9      | Noticed a skeletal warrior
  6863 | D:9      | Killed a skeletal warrior
  7085 | D:9      | Killed a skeletal warrior
  7086 | D:9      | Reached skill level 5 in Armour
  7144 | D:9      | Killed a skeletal warrior
  7145 | D:9      | Reached XP level 11. HP: 22/81 MP: 11/11
  7665 | D:9      | Found a staircase to the Orcish Mines.
  7927 | Orc:1    | Entered Level 1 of the Orcish Mines
  8015 | Orc:1    | Noticed an orc sorcerer
  8025 | Orc:1    | Killed an orc sorcerer
  8305 | Orc:1    | Found a roughly hewn altar of Beogh.
  8645 | D:10     | Entered Level 10 of the Dungeon
  8677 | D:10     | Received a gift from Trog
  9052 | D:10     | Found a radiant altar of Vehumet.
  9144 | D:10     | Noticed Harold
  9150 | D:10     | Killed Harold
  9177 | D:10     | Found Useebb's Book Shoppe.
  9229 | D:10     | Noticed a purple ugly thing
  9235 | D:10     | Killed a purple ugly thing
  9236 | D:10     | Reached skill level 1 in Throwing
  9303 | D:10     | Noticed a three-headed hydra
  9318 | D:10     | Killed a six-headed hydra
  9319 | D:10     | Reached XP level 12. HP: 70/94 MP: 12/12
  9926 | D:10     | Noticed Erica
 10141 | D:10     | Killed Erica
 10347 | Lair:1   | Entered Level 1 of the Lair of Beasts
 10613 | Lair:1   | Identified the +1 rapier of the Onslaught {drain, ^Fragile
                  | +Blink rElec rCorr}
 10626 | Lair:1   | Reached skill level 5 in Throwing
 10645 | Lair:1   | Reached skill level 10 in Fighting
 10739 | Lair:1   | Identified the +2 pair of boots of Lifelessness {rElec
                  | Str+4}
 11271 | Lair:2   | Noticed Prince Ribbit
 11282 | Lair:2   | Killed Prince Ribbit
 11525 | Lair:2   | Found a staircase to the Shoals.
 11638 | Lair:2   | Found a glowing golden altar of the Shining One.
 11678 | Lair:2   | Reached XP level 13. HP: 85/106 MP: 13/13
 11927 | Lair:2   | Received a gift from Trog
 12728 | Lair:3   | Found a hole to the Spider Nest.
 13930 | Lair:5   | Entered Level 5 of the Lair of Beasts
 14009 | Lair:5   | Reached XP level 14. HP: 115/115 MP: 14/14
 14009 | Lair:5   | Acquired a hydroramjet Mk.83 {RevParry, rF+ Slay+3}
 14010 | Lair:5   | Found a viscous altar of Jiyva.
 14010 | Lair:5   | Found a staircase to the Slime Pits.
 14148 | Lair:5   | Received a gift from Trog
 14149 | Lair:5   | Reached skill level 5 in Dodging
 14344 | Lair:5   | Noticed Snorg
 14353 | Lair:5   | Killed Snorg
 15276 | D:11     | Found a blossoming altar of Fedhas.
 15429 | D:11     | Reached skill level 15 in Axes
 16011 | Orc:2    | Entered Level 2 of the Orcish Mines
 16011 | Orc:2    | Found a staircase to the Elven Halls.
 16051 | Orc:2    | Found Udar Gab's General Store.
 16053 | Orc:2    | Found Wehuh's General Store.
 16155 | Orc:2    | Bought a +0 cloak for 49 gold pieces
 16212 | Orc:2    | Reached skill level 15 in Evocations
 16367 | Orc:2    | Found a gate leading to a gauntlet.
 16400 | Orc:2    | Found a bloodstained altar of Trog.
 16400 | Orc:2    | Noticed Saint Roka
 16462 | Gauntlet | Entered a Gauntlet
 16462 | Gauntlet | Found a transporter.
 16462 | Gauntlet | Found a transporter.
 16514 | Gauntlet | Found a transporter.
 16516 | Gauntlet | Found a transporter.
 16518 | Gauntlet | Found a transporter.
 16523 | Gauntlet | Found a transporter.
 16526 | Gauntlet | Found a transporter.
 16527 | Gauntlet | Found a transporter.
 16528 | Gauntlet | Found a transporter.
 16530 | Gauntlet | Found a transporter.
 16535 | Gauntlet | Found a runed translucent gate.
 16535 | Gauntlet | Found a runed translucent gate.
 16535 | Gauntlet | Found a runed translucent gate.
 16536 | Gauntlet | Found the +10 dark maul {heavy}
 16537 | Gauntlet | Found a transporter.
 16538 | Gauntlet | Found a transporter.
 16742 | Gauntlet | Reached XP level 15. HP: 110/122 MP: 15/15
 17186 | Orc:2    | Received a gift from Trog
 17186 | Orc:2    | Found the +4 consecrated labrys {holy, Valiant ^Fragile Fly
                  | SInv}
 17334 | Orc:2    | Noticed an orc warlord
 17351 | Orc:2    | Killed an orc warlord
 17732 | Orc:2    | Noticed Urug
 17738 | Orc:2    | Killed Urug
 17845 | Orc:2    | Noticed Jorgrun
 17851 | Orc:2    | Killed Jorgrun
 17949 | Orc:2    | Killed Saint Roka
 18235 | Orc:2    | Found Gineifi's Jewellery Shoppe.
 18235 | Orc:2    | Found Ixkaskaf's Antique Weapon Emporium.
 18236 | Orc:2    | Found a one-way gate leading to the halls of Pandemonium.
 18240 | Orc:2    | Bought a warped war axe for 238 gold pieces
 18240 | Orc:2    | Identified the +3 war axe "Ogreslayer" {antimagic, rPois
                  | rC++ Int-4} (You bought it in a shop on level 2 of the
                  | Orcish Mines)
 18428 | Elf:1    | Entered Level 1 of the Elven Halls
 18894 | D:12     | Noticed Sonja
 18896 | D:12     | Killed Sonja
 19017 | D:12     | Noticed Nessos
 19020 | D:12     | Killed Nessos
 19364 | D:13     | Noticed Frances
 19375 | D:13     | Killed Frances
 19388 | D:13     | Slain by a six-headed hydra

Illustrated notes

Levels and vault maps discovered:
D:1:      eino_arrival_druids_welcome, layout_basic,
          shapermc_ecumenical_altar_rom_forum, minmay_hexomino_f4
D:2:      layout_loops_ring, uniq_terence
D:3:      layout_rooms, serial_shops, shop, due_unseen_surprise, uniq_jessica
D:4:      layout_basic, mainiacjoe_overflow_alcove_4
D:5:      layout_basic, grunt_temple_overflow_open, gup_ossuary_entry_pyramid
D:6:      layout_rooms, nicolae_overflow_hidden_temple,
          lemuel_temple_firewalk_b, serial_shops, kennysheep_little_box
D:7:      layout_loops_ring, serial_glass, glass_columns_c, glass_columns_a,
          glass_columns_c, glass_columns_b, glass_columns_c, glass_columns_c,
          glass_columns_c, glass_columns_a, item_on_display_a,
          minmay_strange_pillars, minmay_strange_pillars, uniq_maggie
D:8:      layout_basic, nicolae_overflow_crystal_walls,
          kennysheep_generic_room_14
D:9:      layout_rooms, due_lair_maze_entry_diamond, david_orc_4,
          ebering_ghost_gozag, nicolae_the_louvre
D:10:     layout_loops_ring, fiery_altar_vehumet, serial_shops, shop,
          hangedman_ranch, uniq_harold, uniq_erica
D:11:     layout_roguey, nicolae_sextant, fedhas_altar_3
D:12:     layout_loops_ring, minmay_door_square, uniq_nessos, uniq_sonja
D:13:     layout_basic, dreamdust_mushroom_princess, nicolae_diode_stairs,
          uniq_frances
Lair:1:   layout_regular_city, beast_lair_carwin_6
Lair:2:   layout_loops_ring, minmay_shoals_entry_hut, lemuel_centaur_altar,
          infiniplex_staircase_pool_2, uniq_prince_ribbit2
Lair:3:   layout_regular_city, spider_nest_entry_web_field, grunt_megastairs_3
Lair:4:   layout_misc_corridors
Lair:5:   grunt_lair_end_beastmaster, layout_concentric_octagons,
          dpeg_slime_entry_enclosed, uniq_snorg
Orc:1:    layout_caves, basic_altar
Orc:2:    pf_orc_diabolical, layout_diamond_mine, basic_altar,
          gauntlet_entry_generic, nicolae_orc_pool_cavern, nooodl_orcs_dogs,
          uniq_saint_roka, uniq_urug, uniq_jorgrun
Elf:1:    layout_loops_cross, minmay_elf_necromancy, eino_tiny_chamber,
          minmay_shop_grove

Skill      XL: |  1  2  3  4  5  6  7  8  9 10 11 12 13 14 15 |
---------------+----------------------------------------------+-----
Armour         | 2 3 5 7 8 9 |  9.9
Dodging        | 2 3 4 6 7 |  7.4
Short Blades   | 1 2 3 |  3.4
Maces & Flails | 1 2 3 |  3.0
Fighting       | 4 5 6 8 11 12 13 | 13.1
Axes           | 1 4 8 11 13 14 15 | 15.7
Evocations     | 3 6 10 11 13 14 15 | 15.8
Throwing       | 2 7 8 9 |  9.9
Long Blades    | |  3.1

Action                     |  1- 3 |  4- 6 |  7- 9 | 10-12 | 13-15 || total
---------------------------+-------+-------+-------+-------+-------++-------
  Melee: Falchion          |    20 |       |       |       |       ||    20
         Dagger            |   104 |   104 |    42 |       |       ||   250
         Whip              |    88 |    33 |       |       |       ||   121
         Mace              |       |   122 |       |       |       ||   122
         Hand axe          |       |    21 |   236 |   643 |   653 ||  1553
         Broad axe         |       |       |       |       |   180 ||   180
         Labrys            |       |       |       |       |    18 ||    18
  Throw: Throwing net      |       |       |       |     1 |       ||     1
         Javelin           |       |       |       |       |     6 ||     6
 Invoke: Berserk           |     1 |     1 |     2 |     6 |    11 ||    21
         Trog's Hand       |       |       |       |     1 |     5 ||     6
Ability: Invent Gizmo      |       |       |       |       |     1 ||     1
  Evoke: Wand              |       |       |     1 |     5 |    19 ||    25
    Use: Scroll            |       |    12 |    11 |     1 |    14 ||    38
         Potion            |       |       |       |       |     3 ||     3
   Stab: Held in net/web   |       |       |       |     2 |       ||     2
 Armour: Animal skin       |    48 |     1 |       |       |       ||    49
         Scale mail        |       |   111 |    80 |       |       ||   191
         Chain mail        |       |       |    25 |   255 |   375 ||   655
         Leather armour    |       |       |     1 |       |       ||     1
  Dodge: Dodged            |    66 |    64 |    64 |   125 |   239 ||   558

Table legend: (Time is in decaauts)
 A = Elapsed time spent in this place.
 B = Non-inter-level travel time spent in this place.
 C = Inter-level travel time spent in this place.
 D = Time resting spent in this place.
 E = Time spent auto-exploring this place.
 F = Levels seen in this place.
 G = Mean time per level.
                   A        B        C        D        E       F      G
               +--------+--------+--------+--------+--------+-----+--------+
         Total |  19298 |  18159 |   1139 |   1762 |  12894 |  23 |  839.0 |
       Dungeon |  11244 |  10413 |    831 |    968 |   7531 |  13 |  864.9 |
          Lair |   4565 |   4396 |    169 |     88 |   3595 |   5 |  913.0 |
  Orcish Mines |   2441 |   2304 |    137 |    360 |   1361 |   2 | 1220.5 |
   Elven Halls |     20 |     20 |      0 |      0 |      0 |   1 |   20.0 |
       Ossuary |    307 |    307 |      0 |     94 |    141 |   1 |  307.0 |
      Gauntlet |    719 |    719 |      0 |    251 |    265 |   1 |  719.0 |
               +--------+--------+--------+--------+--------+-----+--------+

Top non-repeatable levels by time:
   Orc:2: 1734 daAuts
    D:10: 1491 daAuts
  Lair:2: 1257 daAuts
     D:8: 1231 daAuts
     D:9: 1225 daAuts
  Lair:5: 1002 daAuts
    D:11: 993 daAuts
     D:5: 904 daAuts
  Lair:1: 864 daAuts
     D:7: 858 daAuts
     D:4: 810 daAuts
     D:2: 793 daAuts
     D:1: 792 daAuts
  Lair:3: 769 daAuts
     D:3: 725 daAuts
